 Dungeon Crawl Stone Soup version 0.30.1-3-gfc49f6343a (webtiles) character file.

Game seed: 16235472987146652819

9699 spardeous the Thaumaturge (level 11, 0/74 HPs)
             Began as a Demigod Conjurer on Aug 9, 2023.
             Slain by a green ugly thing (5 damage)
             ... on level 11 of the Dungeon.
             The game lasted 00:15:29 (13347 turns).

spardeous the Thaumaturge (Demigod Conjurer)       Turns: 13347, Time: 00:15:30

Health: 0/74       AC:  8    Str: 12    XL:     11   Next: 6%
Magic:  10/30      EV: 11    Int: 38    God:
Gold:   266        SH:  0    Dex: 12    Spells: 15/32 levels left

rFire   . . .        A - +9 trident "Arphipsay" {vamp, Int+4}
rCold   . . .        (no shield)
rNeg    . . .        Q - +3 leather armour {rPois}
rPois   +            k - +0 helmet
rElec   .            (no cloak)
rCorr   .            p - +0 pair of gloves
SInv    .            (no boots)
Will    +....        j - amulet of the acrobat
Stlth   ++           s - +4 ring of slaying
HPRegen 0.32/turn    u - +6 ring of intelligence
MPRegen 0.22/turn

%: acrobat
@: very slightly contaminated
A: high MP 1, forlorn, divine attributes
a: no special abilities


You were on level 11 of the Dungeon.
You visited 1 branch of the dungeon, and saw 11 of its levels.

You collected 671 gold pieces.
You spent 405 gold pieces at shops.

Inventory:

Hand Weapons
 A - the +9 trident "Arphipsay" (weapon) {vamp, Int+4}
   (You found it on level 5 of the Dungeon)

   Int:       It affects your intelligence (+4).
 P - a +2 dagger of speed
Armour
 a - a +0 robe
 k - a +0 helmet (worn)
 l - a +0 ring mail
 p - a +0 pair of gloves (worn)
 y - the +1 leather armour of the Jolly Xalams {Drain rPois rC+++ rCorr}
   (You found it on level 5 of the Dungeon)

   rC:        It renders you almost immune to cold.
   rPois:     It protects you from poison.
   rCorr:     It protects you from acid and corrosion.
   Drain:     It drains your maximum health when unequipped.
 F - a +0 kite shield
 L - a +0 troll leather armour
 Q - a +3 leather armour of poison resistance (worn)
Magical Staves
 x - a staff of cold
Jewellery
 j - an amulet of the acrobat (around neck)
 s - a +4 ring of slaying (left hand)
 u - a +6 ring of intelligence (right hand)
 M - a ring of positive energy
 N - a ring of magical power
Wands
 C - a wand of charming (6)
 G - a wand of polymorph (8)
 K - a wand of acid (7)
Scrolls
 d - 11 scrolls of identify {unknown}
 e - a scroll of enchant armour {unknown}
 f - 4 scrolls of teleportation {unknown}
 h - 4 scrolls of noise {unknown}
 i - a scroll of immolation {unknown}
 q - a scroll of fear {unknown}
 t - 2 scrolls of vulnerability {unknown}
 v - a scroll of amnesia {unknown}
 z - 4 scrolls of magic mapping {unknown}
 E - 2 scrolls of enchant weapon {unknown}
 H - 2 scrolls of fog {unknown}
 O - a scroll of blinking {unknown}
Potions
 b - 2 potions of magic
 c - 9 potions of curing
 g - 2 potions of invisibility {unknown}
 m - 3 potions of brilliance {unknown}
 n - a potion of mutation {unknown}
 o - 9 potions of heal wounds {unknown}
 r - 3 potions of ambrosia
 w - 3 potions of flight
 B - 2 potions of lignification {unknown}
 D - 4 potions of haste
 I - a potion of resistance {unknown}
 J - a potion of attraction


   Skills:
 - Level 1.7 Dodging
 - Level 1.7 Stealth
 - Level 11.3 Spellcasting
 - Level 7.0 Conjurations
 - Level 8.0 Translocations
 + Level 4.0 Transmutations


You had 15 spell levels left.
You knew the following spells:

 Your Spells              Type           Power      Damage    Failure   Level
a - Magic Dart            Conj           100%       1d8       1%          1
b - Searing Ray           Conj           100%       2d8       1%          2
c - Iskenderun's Mystic   Conj/Tloc      68%        2d14      1%          4
d - Passwall              Tmut/Erth      30%        N/A       1%          2
e - Necromutation         Tmut/Necr      18%        N/A       100%        8

Your spell library contained the following spells:

 Spells                   Type           Power      Damage    Failure   Level
 Sting                    Tmut/Pois      100%       1d8       1%          1
 Dazzling Flash           Conj/Hex       96%        N/A       1%          3
 Stone Arrow              Conj/Erth      96%        3d13      1%          3
 Sandblast                Erth           42%        2d11      2%          1
 Poisonous Vapours        Pois/Air       42%        N/A       3%          2
 Fulminant Prism          Conj/Hex       24%        3d12      5%          4
 Olgreb's Toxic Radiance  Pois           21%        N/A       22%         4
 Borgnjor's Revivificati  Necr           10%        N/A       100%        8
 Death's Door             Necr           10%        N/A       100%        9


Dungeon Overview and Level Annotations

Branches:
Dungeon (11/15)            Temple (0/1) D:4
   Lair: D:8-11         Orc: D:9-12

Shops:
D:1 *   D:5 !


Innate Abilities, Weirdness & Mutations

You have an increased reservoir of magic. (+10% MP)
You shall have no god before yourself.
Your divine heritage dramatically boosts your attributes as you level up.


Message History

The mystic blast hits the green ugly thing.
The green ugly thing is lightly wounded.
The green ugly thing is knocked back by the mystic blast.
The green ugly thing slams into the rock wall!
The green ugly thing is lightly wounded.
Your Transmutations skill increases to level 4!
You now have 21/30 mp.
Unknown command.
Unknown command.
Unknown command.
Casting: Iskenderun's Mystic Blast (dangerous; 1% risk of failure)
Confirm with . or Enter, or press ? or * to list all spells.
You erupt in a blast of force!
The mystic blast hits something!
You feel a bit more experienced.
The mystic blast hits the green ugly thing!
The green ugly thing is moderately wounded.
The green ugly thing is knocked back by the mystic blast.
The green ugly thing slams into the rock wall!
The green ugly thing is moderately wounded.
You now have 17/30 mp.
Unknown command.
Unknown command.
Casting: Iskenderun's Mystic Blast (dangerous; 1% risk of failure)
Confirm with . or Enter, or press ? or * to list all spells.
You erupt in a blast of force!
The mystic blast hits the green ugly thing!
The green ugly thing is heavily wounded.
The green ugly thing is knocked back by the mystic blast.
The green ugly thing slams into the rock wall!
The green ugly thing is severely wounded.
You now have 14/30 mp.
Unknown command.
Unknown command.
Unknown command.
Casting: Iskenderun's Mystic Blast (dangerous; 1% risk of failure)
Confirm with . or Enter, or press ? or * to list all spells.
You miscast Iskenderun's Mystic Blast.
You are very lightly contaminated with residual magic.
Nothing appears to happen.
The green ugly thing kicks you.
You die...

..#..### #..........##
.##..# #..........#
.##.## ##..........#
....# #...........#
....# #...........####
....# #...........#..#
##..# #....).........#
#..# ##......†.......#
#..# #......)@.......#
#..#####......)u.......#
........>...#.......##
#.........###........#
.........## #.........#
..........# ##......#..
.#......l.# ##....###.
..........# ....#
..........# #.....


You could see a green ugly thing.

Vanquished Creatures
  A two-headed ogre (D:9)
  Pikel (D:6)
  Psyche (D:9)
  A troll (D:9)
  27 yaks
  A wyvern (D:11)
  A basilisk (D:11)
  An acid dragon (D:9)
  2 orc warriors
  Duvessa (D:7)
  2 ice beasts (D:5)
  3 sky beasts
  2 ogres (D:4)
  3 centaurs
  3 phantoms
  A lemure (D:6)
  2 kobold brigands
  2 bullfrogs
  2 gnoll sergeants (D:7)
  A scorpion (D:4)
  8 wights
  Dowan (D:7)
  16 killer bees
  3 howler monkeys
  5 orc priests
  A gnoll bouda (D:3)
  3 jellies
  A hound (D:5)
  7 orc wizards
  2 sleepcaps
  2 iguanas
  16 gnolls
  7 adders
  2 shadow imps (D:5)
  An ufetubus (D:5)
  2 worms (D:2)
  4 dart slugs
  21 orcs
  8 endoplasms
  13 giant cockroaches
  9 goblins
  6 hobgoblins
  4 jackals (D:3)
  3 quokkas (D:1)
  8 ball pythons
  6 bats
  2 frilled lizards
  21 kobolds
  5 rats
245 creatures vanquished.

Notes
Turn   | Place    | Note
-------+----------+-------------------------------------------
     0 | D:1      | spardeous the Demigod Conjurer began the quest for the Orb.
     0 | D:1      | Reached XP level 1. HP: 14/14 MP: 5/5
    52 | D:1      | Reached skill level 2 in Spellcasting
   146 | D:1      | Found Ocwiurhe's General Store.
   246 | D:1      | Reached XP level 2. HP: 20/20 MP: 0/7
  1061 | D:1      | Reached XP level 3. HP: 26/26 MP: 5/8
  2287 | D:2      | Reached skill level 5 in Conjurations
  2627 | D:3      | Reached XP level 4. HP: 33/33 MP: 8/10
  2732 | D:3      | Learned a level 2 spell: Searing Ray
  3529 | D:3      | Learned a level 4 spell: Iskenderun's Mystic Blast
  3614 | D:4      | Noticed an ogre
  3626 | D:4      | Killed an ogre
  3627 | D:4      | Reached XP level 5. HP: 38/38 MP: 5/11
  3934 | D:4      | Noticed a sky beast
  3940 | D:4      | Killed a sky beast
  3941 | D:4      | Reached XP level 6. HP: 45/45 MP: 7/12
  4142 | D:3      | Reached skill level 1 in Translocations
  4411 | D:4      | Found a staircase to the Ecumenical Temple.
  4908 | D:5      | Entered Level 5 of the Dungeon
  4910 | D:5      | Noticed a yak
  5021 | D:5      | Identified the +1 leather armour of the Jolly Xalams {Drain
                  | rPois rC+++ rCorr}
  5032 | D:5      | Noticed a yak
  5032 | D:5      | Noticed a yak
  5032 | D:5      | Noticed a yak
  5033 | D:5      | Noticed a yak
  5033 | D:5      | Noticed a yak
  5060 | D:4      | Killed a yak
  5061 | D:4      | Reached XP level 7. HP: 45/50 MP: 5/13
  5257 | D:5      | Killed a yak
  5258 | D:5      | Reached skill level 5 in Translocations
  5259 | D:5      | Killed a yak
  5260 | D:5      | Killed a yak
  5261 | D:5      | Reached XP level 8. HP: 57/57 MP: 4/14
  5881 | D:5      | Reached skill level 3 in Spellcasting
  5926 | D:5      | Identified the +9 trident "Arphipsay" {vamp, Int+4}
  6274 | D:5      | Found Tacraz's Distillery.
  6720 | D:6      | Noticed Pikel
  6742 | D:6      | Killed Pikel
  6743 | D:6      | Reached skill level 5 in Spellcasting
  6743 | D:6      | Reached XP level 9. HP: 62/62 MP: 1/20
  7289 | D:6      | Reached skill level 6 in Spellcasting
  7299 | D:6      | Reached skill level 7 in Spellcasting
  8256 | D:7      | Reached skill level 8 in Spellcasting
  8583 | D:7      | Noticed Dowan
  8676 | D:7      | Killed Dowan
  9022 | D:7      | Reached XP level 10. HP: 63/69 MP: 25/27
  9115 | D:7      | Noticed Duvessa
  9122 | D:7      | Killed Duvessa
  9131 | D:7      | Reached skill level 9 in Spellcasting
  9626 | D:5      | Learned a level 2 spell: Passwall
  9631 | D:5      | Bought a potion of flight for 45 gold pieces
  9631 | D:5      | Bought a potion of curing for 45 gold pieces
  9631 | D:5      | Bought a potion of ambrosia for 120 gold pieces
  9631 | D:5      | Bought a potion of attraction for 45 gold pieces
  9631 | D:5      | Bought a potion of haste for 150 gold pieces
 10873 | D:9      | Reached skill level 10 in Spellcasting
 11000 | D:9      | Noticed Psyche
 11010 | D:9      | Killed Psyche
 11159 | D:9      | Reached skill level 11 in Spellcasting
 11490 | D:9      | Noticed a two-headed ogre
 11509 | D:9      | Killed a two-headed ogre
 11776 | D:10     | Entered Level 10 of the Dungeon
 11910 | D:10     | Reached XP level 11. HP: 55/74 MP: 2/30
 13317 | D:11     | Learned a level 8 spell: Necromutation
 13347 | D:11     | Slain by a green ugly thing

Illustrated notes

Levels and vault maps discovered:
D:1:      evilmike_arrival_crescent, layout_basic, serial_shops, shop
D:2:      layout_loops_corners, minmay_worlds_worst_comb
D:3:      layout_basic, lemuel_doored_altar,
          chequers_temple_overflow_minitemple, bloody_makhleb
D:4:      layout_rooms, amcnicky_altar_gilded, minmay_temple_entry_arrows
D:5:      layout_loops_ring, gammafunk_temple_overflow_pools, serial_shops,
          nicolae_shop_statue_plus, chequers_serial_rivers_large_a
D:6:      layout_layer_cave, general_overflow_altar, uniq_pikel
D:7:      layout_gridville, nicolae_overflow_crystal_walls, uniq_duvessa
D:8:      layout_loops_corners
D:9:      layout_rooms, uniq_psyche
D:10:     layout_small_grid, lemuel_coloured_pillars_altar
D:11:     layout_cave_pods, david_lair_generic, david_orc_2

Skill      XL: |  1  2  3  4  5  6  7  8  9 10 11 |
---------------+----------------------------------+-----
Spellcasting   | 2 5 8 11 | 11.3
Conjurations   | 4 5 6 7 |  7.0
Translocations | 4 6 8 |  8.0
Transmutations | 3 4 |  4.0
Dodging        | |  1.7
Stealth        | |  1.7

Action                     |  1- 3 |  4- 6 |  7- 9 | 10-12 || total
---------------------------+-------+-------+-------+-------++-------
  Melee: Unarmed           |       |     6 |       |       ||     6
         Trident           |       |       |    45 |    59 ||   104
         Punch             |       |       |       |     1 ||     1
   Cast: Magic Dart        |   121 |    64 |    12 |       ||   197
         Searing Ray       |       |    20 |    37 |       ||    57
         Iskenderun's Myst |       |       |    14 |    82 ||    96
         Passwall          |       |       |       |     1 ||     1
 Armour: Robe              |     3 |       |       |       ||     3
         Ring mail         |     1 |    21 |    17 |    11 ||    50
         Skin              |       |       |     3 |       ||     3
         Troll leather arm |       |       |       |     8 ||     8
         Leather armour    |       |       |       |     8 ||     8
  Dodge: Dodged            |     7 |    52 |    78 |    80 ||   217
